 Dungeon Crawl Stone Soup version 0.29-a0-362-g5854e031c7 (webtiles) character file.

Game seed: 13111222721787615531

9223 testman the Basher (level 11, -4/119 HPs)
             Began as a Troll Berserker on Apr 29, 2022.
             Was a High Priest of Trog.
             Slain by an orc knight
             ... wielding a +0 war axe
              (25 damage)
             ... in a bailey.
             The game lasted 00:33:20 (8230 turns).

testman the Basher (Troll Berserker)                Turns: 8230, Time: 00:33:21

Health: -4/119     AC:  9    Str: 31    XL:     11   Next: 20%
Magic:  10/10      EV: 10    Int:  3    God:    Trog [*****.]
Gold:   773        SH:  0    Dex: 15    Spells: 10/10 levels left

rFire   . . .      SeeInvis .   A - +1 giant spiked club
rCold   . . .      Faith    +   (shield currently unavailable)
rNeg    . . .      Spirit   .   H - +2 robe {Will+}
rPois   +          Reflect  .   (helmet restricted)
rElec   .          Harm     .   q - +2 cloak {rPois}
rCorr   .          Rampage  .   (gloves unavailable)
Will    ++...                   (boots unavailable)
Stlth   +.........              b - amulet of faith
HPRegen 1.09/turn               v - ring of willpower
MPRegen 0.12/turn               z - +6 ring of dexterity

@: no status effects
A: large, unfitting armour, claws 3, regeneration 1, shaggy fur 1, tough skin 1
a: Renounce Religion, Berserk, Trog's Hand, Brothers in Arms


You were in a bailey.
You worshipped Trog.
Trog was extremely pleased with you.
You visited 1 branch of the dungeon, and saw 9 of its levels.
You also visited: Sewer and Bailey.

You collected 773 gold pieces.

Inventory:

Hand Weapons
 A - a +1 giant spiked club (weapon)
Missiles
 d - 26 poisoned darts (quivered)
 f - 2 javelins
 j - 258 stones
 t - 2 curare-tipped darts
 E - 4 boomerangs
Armour
 q - a +2 cloak of poison resistance (worn)
 u - an orb of light
 w - +0 steam dragon scales
 H - a +2 robe of willpower (worn)
Jewellery
 b - an amulet of faith (around neck)
 v - a ring of willpower (left claw)
 z - a +6 ring of dexterity (right claw)
Wands
 a - a wand of iceblast (9)
 s - a wand of polymorph (4)
 B - a wand of digging (6)
 I - a wand of flame (24)
Scrolls
 c - 2 scrolls of fear
 e - 3 scrolls of teleportation
 g - a scroll of blinking {unknown}
 i - 3 scrolls of fog
 p - 2 scrolls of enchant weapon
 r - 2 scrolls of enchant armour
 x - a scroll of silence
 C - a scroll of summoning
 G - a scroll of acquirement
Potions
 h - 3 potions of resistance
 k - a potion of might
 l - 3 potions of flight
 m - 2 potions of berserk rage
 n - a potion of invisibility {unknown}
 o - 2 potions of curing
 D - 3 potions of magic
 F - 2 potions of attraction


   Skills:
 + Level 10.8 Fighting
 + Level 11.7 Maces & Flails
 - Level 2.4 Dodging


You had 10 spell levels left.
You didn't know any spells.
Your spell library was empty.

Dungeon Overview and Level Annotations

Branches:
Dungeon (9/15)             Temple (0/1) D:6           Sewer (visited)
 Bailey (1/1)
   Lair: D:8-11         Orc: D:9-12

Altars:
Gozag
Hepliaklqana
Makhleb
Okawaru
Yredelemnul

Shops:
D:5 (   D:6 =   D:7 [


Innate Abilities, Weirdness & Mutations

You are too large for most types of armour.
You have claws for hands.
Your natural rate of healing is unusually fast.
You are covered in fur. (AC +1)
You have tough skin. (AC +1)


Message History

The orcs go into a battle-frenzy!
The hobgoblin hits you with a +0 hand axe.
You hit the hobgoblin.
The hobgoblin is moderately wounded.
The hobgoblin hits you but does no damage.
You pound the hobgoblin like an anvil!!!
You kill the hobgoblin!
Trog accepts your kill.
You puncture the orc warrior!
The orc warrior is heavily wounded.
You impale the orc warrior!!
You kill the orc warrior!
Trog accepts your kill.
You barely miss the orc. The orc barely misses you.
The orc hits you with a +0 hand axe.
You impale the orc!!
You kill the orc!
Trog accepts your kill. The goblin hits you but does no damage.
The orc knight barely misses you.
You closely miss the goblin. The goblin closely misses you.
The orc knight hits you with a +0 war axe!
You bludgeon the goblin!!
You kill the goblin!
Trog accepts your kill.
The orc knight hits you with a +0 war axe!
You closely miss the orc knight.
The orc knight hits you with a +0 war axe!
You sock the orc knight!
The orc knight is moderately wounded.
The orc knight hits you with a +0 war axe!!
The orc knight barely misses you.
You puncture the orc knight!
The orc knight is moderately wounded.
The orc knight hits you with a +0 war axe!!
You fail to use your ability.
The orc knight hits you with a +0 war axe!
* * * LOW HITPOINT WARNING * * *
Your deep troll goes berserk!
The orc knight hits you with a +0 war axe!!
You die...

≈≈≈≈≈≈≈≈≈≈≈≈≈≈≈≈≈≈≈≈
≈≈≈≈≈≈≈≈≈≈≈≈≈≈≈≈≈≈≈≈
≈≈≈≈≈≈≈≈≈≈≈≈≈≈≈≈≈≈≈
≈≈≈≈≈≈≈≈≈≈≈≈≈≈≈≈≈≈
###≈≈≈≈≈≈≈≈≈≈≈######
...)....∩.....)..'.#
..######.######..###
..#...#...#.).#...T#
..#...#...#.))#)@).#
'##'###8)8###'##o#+#
..#...#...#...#.g#
..###'#8.8#'###..#
..#[[.#...#...#..#
..#[..#...#...#..#
..#'####'####'#..#
#)#...........#+##
..#....._.....#


You could see an orc knight (ally target), a goblin and a friendly deep troll
(summoned, berserk).

Vanquished Creatures
  Erica (D:8)
  A two-headed ogre (D:7)
  Pikel (D:8)
  2 orc sorcerers (Bailey)
  Maggie (D:8)
  Grinder (D:5)
  9 yaks
  2 steam dragons (D:8)
  Menkaure (D:7)
  A water moccasin (D:6)
  A sky beast (D:8)
  9 orc warriors
  An ice beast (D:7)
  3 black bears
  4 ogres
  2 phantoms
  4 kobold brigands
  4 bullfrogs
  A necrophage (D:8)
  4 scorpions
  11 wights
  5 killer bees (D:7)
  2 jellies
  An electric eel (Bailey)
  A vampire bat (D:5)
  5 howler monkeys
  5 orc priests
  3 hounds
  Crazy Yiuf (D:2)
  A gnoll shaman (D:6)
  5 orc wizards
  Natasha (thrice) (D:2)
  9 gnolls
  6 adders
  4 river rats (Sewer)
  A white imp (D:5)
  2 ufetubi
  4 worms
  4 dart slugs
  39 orcs
  18 bats
  10 endoplasms
  14 giant cockroaches
  8 goblins
  4 hobgoblins
  7 jackals
  4 quokkas
  11 ball pythons
  A frilled lizard (D:1)
  19 kobolds
  11 rats
272 creatures vanquished.

Vanquished Creatures (others)
  An orc wizard (D:8)
1 creature vanquished.

Grand Total: 273 creatures vanquished

Notes
Turn   | Place    | Note
-------+----------+-------------------------------------------
     0 | D:1      | testman the Troll Berserker began the quest for the Orb.
     0 | D:1      | Reached XP level 1. HP: 22/22 MP: 0/0
   143 | D:1      | Reached skill level 3 in Maces & Flails
   143 | D:1      | Reached XP level 2. HP: 20/29 MP: 1/1
   765 | D:1      | Reached XP level 3. HP: 34/37 MP: 2/2
   917 | D:1      | Reached ** piety under Trog
  1494 | D:2      | Noticed Natasha
  1510 | D:2      | Killed Natasha
  1511 | D:2      | Reached XP level 4. HP: 39/45 MP: 3/3
  1550 | D:2      | Noticed Natasha
  1557 | D:2      | Killed Natasha
  1558 | D:2      | Reached skill level 4 in Maces & Flails
  1618 | D:2      | Noticed Natasha
  1636 | D:2      | Killed Natasha
  1844 | D:2      | Found a runed translucent door.
  1845 | D:2      | Noticed Crazy Yiuf
  1858 | D:2      | Killed Crazy Yiuf
  1859 | D:2      | Reached XP level 5. HP: 30/54 MP: 4/4
  2187 | D:3      | Found a glowing drain.
  2198 | Sewer    | Entered a sewer
  2463 | Sewer    | Reached XP level 6. HP: 63/63 MP: 5/5
  2689 | Sewer    | Reached skill level 5 in Maces & Flails
  2874 | D:3      | Reached *** piety under Trog
  3339 | D:3      | Reached skill level 5 in Fighting
  3545 | D:4      | Reached XP level 7. HP: 72/72 MP: 6/6
  3565 | D:4      | Found an opulent altar of Gozag.
  3762 | D:4      | Reached skill level 6 in Maces & Flails
  4009 | D:4      | Reached XP level 8. HP: 17/83 MP: 7/7
  4256 | D:5      | Entered Level 5 of the Dungeon
  4328 | D:5      | Reached **** piety under Trog
  4346 | D:5      | Noticed Grinder
  4412 | D:5      | Reached skill level 7 in Maces & Flails
  4431 | D:5      | Killed Grinder
  4805 | D:5      | Found a burning altar of Makhleb.
  4805 | D:5      | Noticed a green death
  4898 | D:5      | Found Xedir's Antique Weapon Boutique.
  5206 | D:6      | Found a basalt altar of Yredelemnul.
  5360 | D:6      | Found a staircase to the Ecumenical Temple.
  5416 | D:6      | Reached skill level 8 in Maces & Flails
  5496 | D:6      | Reached XP level 9. HP: 93/93 MP: 8/8
  5521 | D:6      | Found Cuchett's Jewellery Shop.
  5623 | D:6      | Found an iron altar of Okawaru.
  6126 | D:7      | Reached skill level 9 in Maces & Flails
  6211 | D:7      | Noticed Menkaure
  6216 | D:7      | Killed Menkaure
  6291 | D:7      | Found Hene's Antique Armour Shoppe.
  6527 | D:7      | Found a hazy altar of Hepliaklqana.
  6830 | D:8      | Noticed a two-headed ogre
  6905 | D:7      | Killed a two-headed ogre
  6906 | D:7      | Reached XP level 10. HP: 104/107 MP: 9/9
  6958 | D:8      | Reached skill level 10 in Maces & Flails
  7008 | D:8      | Noticed Pikel
  7012 | D:8      | Noticed Erica
  7014 | D:8      | Killed Pikel
  7094 | D:8      | Noticed Maggie
  7101 | D:8      | Killed Maggie
  7258 | D:8      | Reached skill level 10 in Fighting
  7286 | D:8      | Reached skill level 11 in Maces & Flails
  7503 | D:8      | Killed Erica
  7504 | D:8      | Reached XP level 11. HP: 119/119 MP: 10/10
  7866 | D:9      | Found a flagged portal.
  7879 | D:9      | Identified a scroll of acquirement
  7882 | Bailey   | Entered a bailey
  7933 | Bailey   | Reached ***** piety under Trog
  8061 | Bailey   | Noticed an orc sorcerer
  8061 | Bailey   | Noticed an orc sorcerer
  8066 | Bailey   | Noticed a soul eater
  8070 | Bailey   | Killed an orc sorcerer
  8084 | Bailey   | Killed an orc sorcerer
  8119 | Bailey   | Found an iron altar of Okawaru.
  8216 | Bailey   | Noticed an orc knight
  8230 | Bailey   | Slain by an orc knight

Illustrated notes

Levels and vault maps discovered:
D:1:      onia_arrival_mini_maze, layout_basic, serial_forest,
          infiniplex_forest_corner_1, infiniplex_forest_clump_medium,
          infiniplex_forest_clump_medium, infiniplex_forest_clump_large,
          infiniplex_forest_lined_room_3, infiniplex_forest_lined_2,
          infiniplex_forest_end_1
D:2:      minmay_roachtagon, layout_loops_ring, minmay_ruptured,
          uniq_crazy_yiuf_cottage, uniq_natasha
D:3:      layout_basic, cheibrodos_sewer_entry_drain
D:4:      layout_basic, nicolae_gozag_seed_capital, hangedman_decor_peaks_small,
          minmay_misc_feat_tower, minmay_box_of_dots
D:5:      layout_loops_cross, makhleb_altar_promises_db,
          kennysheep_cluttered_room, nicolae_inconvenience_store,
          roderic_batcave, uniq_grinder
D:6:      layout_gridville, okawaru_trees_2, amcnicky_altar_gilded,
          temple_pool_b, serial_shops, shop
D:7:      layout_basic, worldfamousw_hep_ancestral_shrine, serial_shops,
          nicolae_shop_overgrown_old_shop, minmay_door_square, uniq_menkaure
D:8:      layout_rooms, uniq_erica, uniq_pikel, uniq_maggie
D:9:      layout_rooms, mainiacjoe_overflow_alcove_2,
          mainiacjoe_overflow_catwalk, enter_bailey_8, serial_curves,
          eino_curves_04, eino_curves_01, eino_curves_02, eino_curves_01
Bailey:   bailey_axe_of_yendor_kennysheep, bailey

Skill      XL: |  1  2  3  4  5  6  7  8  9 10 |
---------------+-------------------------------+-----
Maces & Flails | 3 4 5 6 8 9 11 | 11.7
Fighting       | 3 4 5 6 7 9 10 | 10.8
Dodging        | |  2.4

Action                   |  1- 3 |  4- 6 |  7- 9 | 10-12 || total
-------------------------+-------+-------+-------+-------++-------
Melee: Mace              |   143 |   177 |       |       ||   320
       Punch             |     1 |     2 |     1 |       ||     4
       Whip              |       |    72 |   164 |       ||   236
       Giant spiked club |       |       |   160 |   149 ||   309
Invok: Berserk           |       |     1 |     6 |     4 ||    11
       Trog's Hand       |       |       |     2 |     1 ||     3
       Brothers in Arms  |       |       |       |     1 ||     1
  Use: Scroll            |       |     5 |    16 |     6 ||    27
       Potion            |       |       |     2 |     2 ||     4
 Stab: Sleeping          |       |       |     2 |       ||     2
Armor: Animal skin       |    64 |    72 |   118 |    16 ||   270
       Steam dragon scal |       |       |       |    18 ||    18
       Robe              |       |       |       |    14 ||    14
Dodge: Dodged            |    87 |   127 |   185 |    69 ||   468

Table legend: (Time is in decaauts)
 A = Elapsed time spent in this place.
 B = Non-inter-level travel time spent in this place.
 C = Inter-level travel time spent in this place.
 D = Time resting spent in this place.
 E = Time spent auto-exploring this place.
 F = Levels seen in this place.
 G = Mean time per level.
                   A        B        C        D        E       F      G
               +--------+--------+--------+--------+--------+-----+--------+
         Total |   8637 |   8186 |    451 |    958 |   5217 |  11 |  785.2 |
       Dungeon |   7422 |   6971 |    451 |    875 |   4522 |   9 |  824.7 |
         Sewer |    848 |    848 |      0 |      0 |    552 |   1 |  848.0 |
        Bailey |    367 |    367 |      0 |     83 |    143 |   1 |  367.0 |
               +--------+--------+--------+--------+--------+-----+--------+

Top non-repeatable levels by time:
     D:1: 1231 daAuts
     D:7: 1143 daAuts
     D:2: 923 daAuts
     D:6: 911 daAuts
     D:5: 907 daAuts
   Sewer: 848 daAuts
     D:3: 776 daAuts
     D:4: 771 daAuts
     D:8: 713 daAuts
  Bailey: 367 daAuts
     D:9: 43 daAuts
